 Dungeon Crawl Stone Soup version 0.29-a0-334-gb41bcbb86e (webtiles) character file.

Game seed: 11080672854587218669

137 freelancePsychic the Skirmisher (level 5, -7/45 HPs)
             Began as a Draconian Wanderer on Apr 14, 2022.
             Mangled by Ijyb
             ... wielding a +2 dagger of electrocution
              (20 damage)
             ... on level 3 of the Dungeon.
             The game lasted 00:05:43 (2704 turns).

freelancePsychic the Skirmisher (DrWn)              Turns: 2704, Time: 00:05:44

Health: -7/45      AC:  7    Str: 15 (18) XL:     5   Next: 0%
Magic:  2/6        EV: 11    Int: 12 (14) God:
Gold:   127        SH:  0    Dex:  5 (7)  Spells: 3/6 levels left

rFire   . . .      SeeInvis .   h - +0 flail
rCold   . . .      Faith    .   (no shield)
rNeg    . . .      Spirit   .   (body armour unavailable)
rPois   .          Reflect  .   (helmet restricted)
rElec   .          Harm     .   c - +1 cloak
rCorr   .          Rampage  .   (no gloves)
Will    .....                   (no boots)
Stlth   +.........              (no amulet)
HPRegen 0.15/turn               (no ring)
MPRegen 0.10/turn               (no ring)

@: mighty, attractive
A: AC +5, unfitting armour, cold-blooded
a: no special abilities


You were on level 3 of the Dungeon.
You visited 1 branch of the dungeon, and saw 3 of its levels.

You collected 127 gold pieces.

Inventory:

Hand Weapons
 a - a +2 shortbow
 b - a +0 mace
 h - a +0 flail (weapon)
Armour
 c - a +1 cloak (worn)
 j - a +0 kite shield
Scrolls
 d - 2 scrolls of teleportation {@r4}
 g - a scroll of immolation
 k - 2 scrolls of vulnerability
Potions
 e - a potion of curing {@q1}


   Skills:
 + Level 3.3 Fighting
 - Level 2.8 Maces & Flails
 - Level 2.4 Bows
 - Level 2.3 Dodging
 - Level 1.2 Shields
 - Level 1.0 Spellcasting
 * Level 0.0 Ice Magic
 - Level 2.0 Evocations


You had 3 spell levels left.
You knew the following spells:

 Your Spells              Type           Power      Damage    Failure   Level
a - Frozen Ramparts       Ice            0%         1d2       65%         3

Your spell library contained the following spells:

 Spells                   Type           Power      Damage    Failure   Level
 Slow                     Hex            0%         N/A       30%         1
 Corpse Rot               Necr/Air       0%         N/A       41%         2
 Ensorcelled Hibernation  Hex/Ice        0%         N/A       41%         2
 Passwall                 Tmut/Erth      0%         N/A       41%         2
 Confusing Touch          Hex            0%         N/A       65%         3
 Swiftness                Air            0%         N/A       65%         3
 Vampiric Draining        Necr           0%         2d6       65%         3
 Dispel Undead            Necr           0%         3d6       96%         4
 Ice Form                 Ice/Tmut       0%         N/A       96%         4
 Summon Ice Beast         Ice/Summ       0%         N/A       96%         4
 Death Channel            Necr           0%         N/A       100%        6


Dungeon Overview and Level Annotations

Branches:
Dungeon (3/15)

Altars:
Nemelex Xobeh

Shops:
D:3 (

Annotations:
D:3 Ijyb


Innate Abilities, Weirdness & Mutations

Your plain brown scales are hard. (AC +5)
You cannot fit into any form of body armour.
You are cold-blooded and may be slowed by cold attacks.


Message History

Okay, then.
Casting: Frozen Ramparts (extremely dangerous; 61% risk of failure)
Confirm with . or Enter, or press ? or * to list all spells.
The spell is extremely dangerous to miscast (61% risk of failure)!
Continue anyway?
Casting: Frozen Ramparts (extremely dangerous; 61% risk of failure)
Press: ? - help, Dir - look around, f - activate The walls around you are covered in ice.
The wall freezes Ijyb.
The wall freezes the kobold.
The kobold barely misses you.
You aren't carrying any items that you can evoke.
Unknown command.
The wall freezes Ijyb.
The wall freezes the kobold.
The kobold hits you but does no damage.
It was a potion of degeneration.
There was something very wrong with that liquid.
You feel weakened.
You feel dopey.
You feel clumsy.
The wall freezes Ijyb.
The wall freezes the kobold.
The kobold hits you with a +0 short sword.
It was a potion of attraction.
You feel attractive to monsters.
The wall freezes Ijyb.
The wall freezes the kobold.
You kill the kobold!
Ijyb is attracted toward you.
You have reached level 5!
It was a potion of might.
You feel very mighty all of a sudden.
The wall freezes Ijyb.
Ijyb hits you but does no damage.
You are electrocuted!!
You hit Ijyb.
Ijyb is heavily wounded.
The wall freezes Ijyb.
Ijyb hits you with a +2 dagger of electrocution.
* * * LOW HITPOINT WARNING * * *
You closely miss Ijyb.
Ijyb is heavily wounded.
The wall freezes Ijyb.
Ijyb misses you.
You closely miss Ijyb.
Ijyb is severely wounded.
The frozen ramparts melt away.
Ijyb hits you but does no damage.
You are electrocuted!!
You die...

###############
#.............#
#.###########.#
#.# #@# #.# #g#
####.#
#.............
.....#
#.####.####.##
###.### #.#
....... #.#
.##.### #/#
###.. #.# ....#
#.#


You could see Ijyb.

Vanquished Creatures
  An orc wizard (D:3)
  Robin (D:3)
  3 adders
  3 orcs (D:3)
  9 bats
  6 endoplasms
  3 giant cockroaches
  4 hobgoblins (D:3)
  3 jackals (D:1)
  5 kobolds
  3 ball pythons (D:1)
  4 frilled lizards
  19 goblins
  2 rats
66 creatures vanquished.

Notes
Turn   | Place    | Note
-------+----------+-------------------------------------------
     0 | D:1      | freelancePsychic the Draconian Wanderer began the quest for
                  | the Orb.
     0 | D:1      | freelancePsychic set off with the following items: a +2
                  | shortbow, a +0 mace, a +0 cloak, a scroll of teleportation
                  | {@r4}
     0 | D:1      | Reached XP level 1. HP: 17/17 MP: 2/2
   238 | D:1      | Reached XP level 2. HP: 25/25 MP: 3/3
   275 | D:1      | Found a faded altar of an unknown god.
   985 | D:1      | Reached XP level 3. HP: 30/30 MP: 4/4
  1989 | D:2      | Reached skill level 3 in Fighting
  2235 | D:3      | Reached XP level 4. HP: 20/38 MP: 5/5
  2460 | D:3      | Found Aqetabeh's Weapon Emporium.
  2505 | D:3      | Found a sparkling altar of Nemelex Xobeh.
  2516 | D:3      | Reached skill level 1 in Shields
  2519 | D:3      | Noticed Robin
  2559 | D:3      | Killed Robin
  2683 | D:3      | Learned a level 3 spell: Frozen Ramparts
  2693 | D:3      | Noticed Ijyb
  2693 | D:3      | Paralysed by Ijyb for 3 turns
  2701 | D:3      | Reached XP level 5. HP: 36/45 MP: 2/6
  2704 | D:3      | Mangled by Ijyb

Illustrated notes

Levels and vault maps discovered:
D:1:      dpeg_arrival_water_fire, layout_basic,
          hellmonk_ecumenical_altar_blasted, minmay_close_crescents
D:2:      layout_loops_ring
D:3:      layout_basic, tso_metal_star, mainiacjoe_overflow_small_starburst,
          cheibrodos_sewer_entry_bend, serial_shops, nicolae_shop_hallway_plus,
          uniq_robin, uniq_ijyb

Skill      XL: |  1  2  3  4 |
---------------+-------------+-----
Bows           | 2 |  2.4
Dodging        | 2 |  2.3
Fighting       | 3 |  3.3
Maces & Flails | 2 |  2.8
Shields        | 1 |  1.2
Spellcasting   | |  1.0
Evocations     | |  2.0

Action                   |  1- 3 |  4- 6 || total
-------------------------+-------+-------++-------
Melee: Flail             |   104 |    62 ||   166
       Tailslap          |     8 |     4 ||    12
 Fire: Shortbow          |    63 |       ||    63
 Cast: Frozen Ramparts   |       |     1 ||     1
  Use: Scroll            |     5 |       ||     5
       Potion            |     2 |     4 ||     6
Armor: Skin              |    84 |    29 ||   113
Dodge: Dodged            |   102 |    43 ||   145
Block: Kite shield       |    17 |    21 ||    38

Table legend: (Time is in decaauts)
 A = Elapsed time spent in this place.
 B = Non-inter-level travel time spent in this place.
 C = Inter-level travel time spent in this place.
 D = Time resting spent in this place.
 E = Time spent auto-exploring this place.
 F = Levels seen in this place.
 G = Mean time per level.
                   A        B        C        D        E       F      G
               +--------+--------+--------+--------+--------+-----+--------+
         Total |   2805 |   2766 |     39 |     11 |   2021 |   3 |  935.0 |
       Dungeon |   2805 |   2766 |     39 |     11 |   2021 |   3 |  935.0 |
               +--------+--------+--------+--------+--------+-----+--------+

Top non-repeatable levels by time:
     D:1: 1170 daAuts
     D:2: 1067 daAuts
     D:3: 567 daAuts
